Cogmind - Beta 11.1 @@@ ROGUE MODE // 2022.08.01 @ 17:24:46 Player: Azken Zutik Result: Destroyed by G-47 Trooper with Particle Gun Performance ------------- Evolutions (0) 0 Regions Visited (2) 400 Robots Destroyed (0) 0 Value Destroyed (0) 0 Prototype IDs (0) 0 Alien Tech Used (0) 0 Bonus (0) 0 TOTAL SCORE: 400 Bonus ------- None Cogmind --------- Core Integrity 0/250 Matter 246/300 Energy 98/100 System Corruption 0% Temperature Cool (9) Movement Core (50) Location -10/Mines Parts ------- > --- POWER (1) -------- (None) > --- PROPULSION (2) --- (None) > --- UTILITY (2) ------ (None) > --- WEAPON (2) ------- (None) > --- INVENTORY (5) ---- Ion Engine Wheel VTOL Module VTOL Module VTOL Module Peak State ------------ > --- POWER ------------ Light Ion Engine > --- PROPULSION ------- Light Treads Aluminum Leg > --- UTILITY ---------- Small Storage Unit > --- WEAPON ----------- Assault Rifle Light Assault Rifle > --- INVENTORY -------- Ion Engine Light Treads Aluminum Leg Wheel Compact Wheel Light Assault Rifle [Rating: 6] Favorites ----------- Power Light Ion Engine Engine Light Ion Engine Propulsion Light Treads Treads Light Treads Leg Aluminum Leg Utility Small Storage Unit Storage Small Storage Unit Weapon Assault Rifle Ballistic Gun Assault Rifle Build | -11 -10 -10 ------- Run | Scr Mat Min Slots Evolved . | . . . Power . | . . . Propulsion . | . . . Utility . | . . . Weapon . | . . . Parts Attached 3 | 2 1 . Power . | . . . Engine . | . . . Core . | . . . Reactor . | . . . Propulsion 3 | 2 1 . Treads 3 | 2 1 . Leg . | . . . Wheel . | . . . Hover . | . . . Flight . | . . . Utility . | . . . Device . | . . . Storage . | . . . Processor . | . . . Hackware . | . . . Protection . | . . . Artifact . | . . . Weapon . | . . . Energy Gun . | . . . Energy Cannon . | . . . Ballistic Gun . | . . . Ballistic Cannon . | . . . Launcher . | . . . Special Weapon . | . . . Impact Weapon . | . . . Slashing Weapon . | . . . Piercing Weapon . | . . . Special Melee Weapon . | . . . Unidentified Prototypes . | . . . Parts Lost 2 | . 2 . Power 1 | . 1 . Propulsion 1 | . 1 . Utility . | . . . Weapon . | . . . Highest Loss Streak 1 | . 1 . To Critical Strikes . | . . . Average Slot Usage (%) 24 | . 28 . Engine 5 | . 6 . Treads 19 | . 22 . Naked Turns 15 | . 4 11 Heaviest Build 3 | 3 3 . Greatest Support 20 | 3 20 3 Greatest Overweight (x) . | . . . Average Overweight (x) . | . . . Largest Inventory Capacity 8 | 8 5 5 Average Capacity 5 | 7 5 5 Most Carried 6 | 6 5 5 Average Carried 4 | 5 4 5 Final Capacity 5 | 5 5 5 Final Carried 5 | 5 5 5 Class Distribution -------------------- 100% | Mutant Dominant Class ---------------- Mutant | -10/Materials Mutant | -10/Mines Resources | -11 -10 -10 ----------- Run | Scr Mat Min Matter Collected 166 | 166 . . Remotely . | . . . Salvage Created . | . . . Parts . | . . . Haulers Intercepted . | . . . Recyclers Shooed . | . . . Parts Field Recycled . | . . . Retrieved Matter . | . . . Parts Self-Destructed . | . . . Prevented . | . . . Kills | -11 -10 -10 ------- Run | Scr Mat Min Combat Hostiles Destroyed . | . . . Classes Destroyed . | . . . Best Kill Streak . | . . . Combat Bots Only . | . . . Max Kills in Single Turn . | . . . Gunslinging . | . . . Exploded . | . . . Melee . | . . . Uniques/NPCs Destroyed . | . . . Combat | -11 -10 -10 -------- Run | Scr Mat Min Damage Taken 477 | . 407 70 Core 251 | . 181 70 Absorbed by Shields . | . . . Core Remaining (%) 100 | 100 . . Volleys Fired . | . . . Largest . | . . . Hottest . | . . . Shots Fired . | . . . Gun . | . . . Cannon . | . . . Launcher . | . . . Special . | . . . Kinetic . | . . . Thermal . | . . . Explosive . | . . . Electromagnetic . | . . . Robot Hit Streak . | . . . Robot Miss Streak . | . . . Penetration Max . | . . . Secondary Targets . | . . . Shots Hit Robots . | . . . Core Hits . | . . . Critical Kills . | . . . Critical Parts Destroyed . | . . . Critical Strikes . | . . . Melee Attacks . | . . . Impact . | . . . Slashing . | . . . Piercing . | . . . Sneak Attacks . | . . . Combat Hostiles . | . . . Follow-up Attacks . | . . . Damage Inflicted . | . . . Guns . | . . . Cannons . | . . . Explosions . | . . . Melee . | . . . Ramming . | . . . Kinetic . | . . . Thermal . | . . . Explosive . | . . . Electromagnetic . | . . . Impact . | . . . Slashing . | . . . Piercing . | . . . Highest Corruption . | . . . Average Corruption . | . . . Corruption Purged . | . . . Corruption Blocked . | . . . Overload Shots . | . . . Overflow Damage . | . . . Projectiles . | . . . Explosions . | . . . Melee . | . . . Knockbacks . | . . . Impact . | . . . Kinetic . | . . . Secondary . | . . . Self-Inflicted Damage . | . . . Shots . | . . . Rammed . | . . . Targets Rammed . | . . . Kicked . | . . . Crushed . | . . . Highest Temperature 2 | . 2 . Average Temperature 2 | . 2 . Received Heat Transfer 108 | . 90 18 Siege Activations . | . . . Robots Corrupted . | . . . Combat Hostiles . | . . . Parts Fried . | . . . Impact Corruptions . | . . . Robots Melted . | . . . Combat Hostiles . | . . . Parts Melted . | . . . Heat Transferred . | . . . Parts Sabotaged . | . . . Parts Stolen . | . . . Parts Stripped . | . . . Power Chain Reactions . | . . . Missiles Intercepted . | . . . Alert | -11 -10 -10 ------- Run | Scr Mat Min Peak Influence 80 | . 80 27 Initial 27 | . . 27 Average 34 | . 39 27 Maximum Alert Level . | . . . Low Security (%) 100 | 100 100 100 Level 1 . | . . . Level 2 . | . . . Level 3 . | . . . Level 4 . | . . . Level 5 . | . . . High Security . | . . . Max Security . | . . . Squads Dispatched 1 | . 1 . Investigation . | . . . Extermination . | . . . Reinforcement 1 | . 1 . Assault . | . . . Garrison . | . . . Intercept . | . . . Searches Triggered . | . . . Construction Impeded . | . . . Haulers Reinforced . | . . . Active Scanning Responses . | . . . Cargo Convoy Interrupts . | . . . Stealth | -11 -10 -10 --------- Run | Scr Mat Min Distress Signals . | . . . Communications Jammed . | . . . Distress Signals . | . . . Times Spotted 17 | . 12 5 Peak Tracking Total 9 | . 9 5 Tactical Retreats 1 | . 1 . Traps | -11 -10 -10 ------- Run | Scr Mat Min Traps Triggered 1 | . 1 . Indirectly . | . . . Trap Hack Attempts . | . . . Triggered . | . . . Disarmed . | . . . Reprogrammed . | . . . Reused . | . . . Traps Extracted . | . . . Installed . | . . . Triggered . | . . . Machines | -11 -10 -10 ---------- Run | Scr Mat Min Machines Disabled . | . . . Max in Single Turn . | . . . Machines Sabotaged . | . . . Garrisons Compromised . | . . . Overloaded Fab Kills . | . . . Hacking | -11 -10 -10 --------- Run | Scr Mat Min Machines Accessed 1 | . 1 . Terminals 1 | . 1 . Fabricators . | . . . Repair Stations . | . . . Recycling Units . | . . . Scanalyzers . | . . . Garrison Access . | . . . Total Hacks 2 | . 2 . Successful . | . . . Failed 2 | . 2 . Catastrophic 1 | . 1 . Database Lockouts . | . . . Manual 2 | . 2 . Terminals 2 | . 2 . Fabricators . | . . . Repair Stations . | . . . Recycling Units . | . . . Scanalyzers . | . . . Garrison Access . | . . . Terminal Hacks . | . . . Fabricator Hacks . | . . . Repair Station Hacks . | . . . Recycling Unit Hacks . | . . . Scanalyzer . | . . . Garrison Access Hacks . | . . . Unauthorized Hacks . | . . . Terminals . | . . . Fabricators . | . . . Repair Stations . | . . . Recycling Units . | . . . Scanalyzers . | . . . Garrison Access . | . . . Data Cores Recovered . | . . . Used . | . . . Hacking Detections 1 | . 1 . Full Trace Events . | . . . Feedback Events . | . . . Feedback Blocked . | . . . Robot Schematics Acquired . | . . . Robots Built . | . . . Authchips . | . . . Time . | . . . Total Robot Build Rating . | . . . Part Schematics Acquired . | . . . Parts Built . | . . . Authchips . | . . . Time . | . . . Total Part Build Rating . | . . . Parts Repaired . | . . . Time . | . . . Parts Recycled . | . . . Recycled Matter . | . . . Retrieved Matter . | . . . Retrieved Components . | . . . Parts Scanalyzed . | . . . Part Schematics Acquired . | . . . Parts Damaged . | . . . Bothacking | -11 -10 -10 ------------ Run | Scr Mat Min Used RIF Installer . | . . . Robots Hacked . | . . . Non-combat . | . . . Combat . | . . . Robot Hacks Applied . | . . . Relay Couplers Released . | . . . Fabnet Peak Effective % . | . . . Robots Rewired . | . . . Allies Hacked . | . . . Hacks Repelled . | . . . Allies | -11 -10 -10 -------- Run | Scr Mat Min Total Allies . | . . . Largest Group . | . . . Highest-Rated Group . | . . . Highest-Rated Ally . | . . . Total Orders . | . . . Ally Attacks . | . . . Total Damage . | . . . Kills . | . . . Allies Corrupted . | . . . Allies Melted . | . . . Intel | -11 -10 -10 ------- Run | Scr Mat Min Robot Analysis Total . | . . . Derelict Logs Recovered . | . . . Drone Launches . | . . . Drone Recoveries . | . . . Exploration | -11 -10 -10 ------------- Run | Scr Mat Min Turns Passed 88 | 6 71 11 Spaces Moved 119 | 1 96 22 Core 104 | 1 81 22 Treads 15 | . 15 . Legs . | . . . Wheels . | . . . Hover . | . . . Flight . | . . . Fastest Speed 50 | 50 50 50 Average Speed 63 | 50 67 50 Slowest Speed 160 | 50 160 50 Overloaded Moves . | . . . Propulsion Burnouts . | . . . Robots Hopped . | . . . Cave-ins Triggered . | . . . Exploration Rate (%) 15 | 2 29 16 Regions Visited 2 Branch Regions 1 Pre-discovered Areas . | . . . Known Exits Taken . | . . . Unknown Exits Taken 2 | 1 1 . Scrap Searched . | . . . Spaces Dug . | . . . Terrain Destroyed . | . . . Melee . | . . . Projectile . | . . . AOE . | . . . Terrain Rammed . | . . . Walls Destroyed . | . . . Machines Disabled . | . . . Actions | -11 -10 -10 --------- Run | Scr Mat Min Total 131 | 7 102 22 Wait . | . . . Move 117 | . 95 22 Hop . | . . . Pick Up 3 | . 3 . Fast Attach 1 | . 1 . Attach 1 | 1 . . Detach 1 | 1 . . Swap 1 | 1 . . Drop 7 | 4 3 . Fire . | . . . Melee . | . . . Ram . | . . . Kick . | . . . Crush . | . . . Escape Stasis . | . . . Rewire . | . . . Trap . | . . . Miscellaneous . | . . . Route ------- -11/Scrapyard -10/Materials -10/Mines History --------- Turn | Location | Event 7 | -11/Scrapyard | Discovered new exit (range 0) 7 | -11/Scrapyard | Entered Materials 50 | -10/Materials | Discovered new exit (range 15) 71 | -10/Materials | Core integrity fell below 50% 78 | -10/Materials | Entered Mines 83 | -10/Mines | Core integrity fell below 20% 89 | -10/Mines | Destroyed by G-47 Trooper with Particle Gun Last Messages --------------- 00045_ Triggered Blade Trap. 00045_ Massive razor-sharp blades shoot up from within the floor. 00045_ Lgt. Treads severed. 00045_ Acquired Lgt. Treads. 00050_ EXIT=FOUND 00052_ O-16 Technician: "IFF HANDSHAKE FAILED. SECURING TERMINAL." 00052_ R-06 Scavenger collects Lgt. Treads. 00057_ ALERT: Hostiles spotted, dispatching reinforcements to Terminal M003. 00061_ Dropped Assault Rifle. 00063_ Acquired VTOL Module. 00064_ Dropped Lgt. Assault Rifle. 00066_ Acquired VTOL Module. 00069_ Dropped Com. Wheel. 00069_ Acquired VTOL Module. 00071_ R-06 Scavenger collects Lgt. Assault Rifle. 00074_ Lgt. Treads destroyed. 00074_ R-06 Scavenger collects Assault Rifle. LOCATION=UNKNOWN GOAL=ESCAPE Map ----- +----------------------------------------------------+ | | | | | ?????????????????????????????????????????????? | | ?????????????????????????????????????????????? | | ?????????????????????????????????????????????? | | ?????????????????????????????????????????????? | | ?????????????????????????????????????????????? | | ?????????????????????????????????????????????? | | ????????????###??????????????????????????????? | | ???????????# ##?????????????????????????????? | | ??????##### #?????????????????????????????? | | ?????## #?????????????????????????????? | | ?????# #????????????? ???????????????? | | ?????# #?????????????? #?????????????? | | ?????# ##?????????????# #?????????????? | | ?????## #???????????### #?????????????? | | ??????## ##??####????# #?????????????? | | ???????# ##??## ##?## g ##????????????? | | ???????# #???# ### ###??????????? | | ???????# #???# g ???????????? | | ???????# #??## ??????????? | | ???????# #??# ???????????? | | ???????# #### ?????????????? | | ???????# ss #??????????????????? | | ???????# #### ##?????????????????? | | ???????# #??### @ #?????????????????? | | ???????# #????## ## #?????????????????? | | ???????# #?????#####?# #?????????????????? | | ???????# #???????????? #????????????????? | | ??????? ????????????? #???????????????? | | ??????? ?????????????? #??????????????? | | ??????? ??????????????? #??????????????? | | ?????? ??????????????? #??????????????? | | ?????? ??????????????? #?????????????? | | ??????### ???????????????? #?????????????? | | ????????? ????????????????? ##?????????????? | | ????????? ????????????????? #??????????????? | | ????????? ???????????????????#??????????????? | | ????????? ??????????????????????????????????? | | ?????????????????????????????????????????????? | | ?????????????????????????????????????????????? | | ?????????????????????????????????????????????? | | ?????????????????????????????????????????????? | | ?????????????????????????????????????????????? | | ?????????????????????????????????????????????? | | ?????????????????????????????????????????????? | | ?????????????????????????????????????????????? | | ?????????????????????????????????????????????? | | ?????????????????????????????????????????????? | | ?????????????????????????????????????????????? | +----------------------------------------------------+ Best States ------------- Heat Dissipation 25 Energy Generation 10 Energy Capacity 125 Matter Stores 251 Matter Capacity 300 Sight Range 16 Terrain Scan Density 10 Evasion (%) 50 Recoil Reduction 1 Item Schematics ----------------- None Robot Schematics ------------------ None Fabricated ------------ Nothing Alien Tech Used ----------------- None Achievements -------------- None Challenges ------------ None Game ------ Seed DeliveryTitaniumBox Manual? 0 Play Time 00:02:58 Cumulative 354.9 hours Start 2022.08.01 @ 17:21:59 End 2022.08.01 @ 17:24:46 Sessions 1 Manual Loads 0 Difficulty Rogue Special Mode None Game No. 156 Rogue 156 Adventurer 0 Explorer 0 Win Type - Total 7 Types 3/1/0/1/2/0/0/0/0 Lore% 66 Gallery% 80 Achievement% 70 Wizard Run 0 Options --------- ASCII 0 Keyboard 0 Movement Mouse Keybinds 0 Fullscreen 0 Font 28/SmallcapsGlow Map View 72x54 Tactical HUD 1 Map Filters NONE Filters NONE Steam 1 RUN: 2313db04-dd8b-415d-97e9-86a6b6f9b1ae